 Dungeon Crawl Stone Soup version 0.26.0-10-g1f06aea511 (webtiles) character file.

Game seed: 14683986867332588668

742 MajorAdolf the Fighter (level 7, -3/76 HPs)
             Began as a Naga Wanderer on Jan 16, 2021.
             Splashed by a jelly's acid (10 damage)
             ... on level 5 of the Dungeon.
             The game lasted 00:05:45 (4640 turns).

MajorAdolf the Fighter (Naga Wanderer)              Turns: 4640, Time: 00:05:46

Health: -3/76      AC:  5    Str: 13    XL:     7   Next: 76%
Magic:  7/7        EV:  7    Int: 14    God:
Gold:   185        SH:  0    Dex: 12    Spells: 6/6 levels left

rFire    . . .     SeeInvis +   a - +2 quarterstaff
rCold    . . .     Faith    .   (shield currently unavailable)
rNeg     . . .     Spirit   .   n - +0 chain mail
rPois    +         Reflect  .   p - +1 helmet
rElec    .         Harm     .   s - +0 cloak
rCorr    .         Rampage  .   (no gloves)
Will     .....                  (no barding)
Stlth    ..........             e - amulet of magic regeneration
HPRegen  0.22/turn              g - +4 ring of evasion
MPRegen  0.35/turn              (no ring)

@: mighty, corroded, very slow
A: large, see invisible, deformed body, poison resistance, slowness 2, spit
poison 1, AC +2
a: Spit Poison


You were on level 5 of the Dungeon.
You visited 1 branch of the dungeon, and saw 5 of its levels.

You collected 185 gold pieces.

Inventory:

Hand Weapons
 a - a +2 quarterstaff (weapon)
 b - a +0 mace
 h - a +2 hand axe of flaming
 q - a +1 short sword of draining
Armour
 n - a +0 chain mail (worn)
 p - a +1 helmet (worn)
 s - a +0 cloak (worn)
Jewellery
 e - an amulet of magic regeneration (around neck)
 g - a +4 ring of evasion (left hand)
Wands
 j - a wand of paralysis (9)
Scrolls
 d - a scroll of immolation {unknown}
 i - a scroll of teleportation {unknown}
 k - 2 scrolls of magic mapping
 l - 7 scrolls of remove curse
 t - 7 scrolls of identify
 v - a scroll of enchant weapon {unknown}
Potions
 c - a potion of curing
 f - a potion of might
 o - 2 potions of heal wounds {unknown}
 r - 4 potions of haste {unknown}
 u - a potion of invisibility {unknown}


   Skills:
 + Level 9.3 Fighting
 - Level 2.0 Staves
 - Level 1.7 Bows
 - Level 1.5 Stealth
 - Level 1.0 Shields


You had 6 spell levels left.
You didn't know any spells.
Your spell library was empty.

Dungeon Overview and Level Annotations

Branches:
Dungeon (5/15)
 Temple: D:4-7

Altars:
Qazlal
Vehumet
Xom
Zin


Innate Abilities, Weirdness & Mutations

You cannot wear boots.
Your serpentine skin is tough. (AC +2)
You have supernaturally acute eyesight. (SInv)
Armour fits poorly on your strangely shaped body.
Your system is resistant to poisons. (rPois)
You cover ground very slowly.
You can spit poison.


Message History

You sock the jelly! The acid corrodes you!
Your hands burn!
* * * LOW HITPOINT WARNING * * *
The jelly is almost dead.
The jelly hits you.
* * * LOW HITPOINT WARNING * * *
You are splashed with acid!
* * * LOW HITPOINT WARNING * * *
The black bear bites you.
* * * LOW HITPOINT WARNING * * *
The black bear barely misses you.
The black bear claws you but does no damage.
Unknown command.
You feel better. The black bear bites you.
* * * LOW HITPOINT WARNING * * *
The black bear claws you.
* * * LOW HITPOINT WARNING * * *
The black bear completely misses you. The jelly hits you.
* * * LOW HITPOINT WARNING * * *
You are splashed with acid!
You die...

#.......# ##......##
.#.......#######.#
..Z.......).......#
...........<...###
......###.......## ......
#.........# ......
#..)†.....# .....
#@........# .....
#hJ.......# ... ..# #
#.........# ..###..#.#
.........##
#...#..#.####..........#
###$.....................#
............####........
..............##........
...!........#.. ........


You could see a black bear and a jelly.

Vanquished Creatures
  An ogre (D:4)
  A bullfrog (D:5)
  A howler monkey (D:5)
  A bullfrog zombie (D:5)
  2 hounds (D:4)
  A jelly (D:5)
  5 orc priests
  An iguana (D:4)
  3 worker ants (D:4)
  A killer bee zombie (D:5)
  7 adders
  An ufetubus (D:4)
  An adder skeleton (D:5)
  2 worms
  A dart slug (D:1)
  A leopard gecko (D:1)
  15 orcs
  5 giant cockroaches
  9 goblins
  4 hobgoblins
  9 jackals
  10 kobolds
  4 quokkas (D:4)
  4 bats
  9 frilled lizards
  7 rats
106 creatures vanquished.

Vanquished Creatures (others)
  5 dream sheep (D:3)
5 creatures vanquished.

Grand Total: 111 creatures vanquished

Notes
Turn   | Place    | Note
-------+----------+-------------------------------------------
     0 | D:1      | MajorAdolf the Naga Wanderer began the quest for the Orb.
     0 | D:1      | MajorAdolf set off with the following items: a +2
                  | quarterstaff, a +0 mace, a potion of curing, a +0 robe
     0 | D:1      | Reached XP level 1. HP: 22/22 MP: 1/1
   211 | D:1      | Reached XP level 2. HP: 31/31 MP: 2/2
   854 | D:1      | Reached XP level 3. HP: 30/38 MP: 3/3
  1394 | D:2      | Reached skill level 5 in Fighting
  1892 | D:2      | Reached XP level 4. HP: 46/46 MP: 4/4
  2418 | D:3      | Found a glowing silver altar of Zin.
  2507 | D:3      | Reached skill level 6 in Fighting
  2507 | D:3      | Reached XP level 5. HP: 54/55 MP: 5/5
  2735 | D:3      | Found a stormy altar of Qazlal.
  2828 | D:3      | Noticed a dream sheep
  2828 | D:3      | Noticed a dream sheep
  2828 | D:3      | Noticed a dream sheep
  2828 | D:3      | Noticed a dream sheep
  2828 | D:3      | Noticed a dream sheep
  2828 | D:3      | Found a shimmering altar of Xom.
  2832 | D:3      | Killed a dream sheep
  2832 | D:3      | Killed a dream sheep
  2832 | D:3      | Killed a dream sheep
  2832 | D:3      | Killed a dream sheep
  2833 | D:3      | Killed a dream sheep
  2916 | D:4      | Reached skill level 7 in Fighting
  2916 | D:4      | Reached XP level 6. HP: 64/66 MP: 6/6
  3653 | D:4      | Found a radiant altar of Vehumet.
  3773 | D:4      | Reached skill level 8 in Fighting
  3784 | D:4      | Reached XP level 7. HP: 42/74 MP: 7/7
  4360 | D:5      | Entered Level 5 of the Dungeon
  4567 | D:5      | Reached skill level 9 in Fighting
  4639 | D:5      | HP: 2/76 [black bear (4)]
  4640 | D:5      | Splashed by a jelly's acid

Illustrated notes

Levels and vault maps discovered:
D:1:      ncdulo_wetmaze, layout_loops_corners, serial_aquarium,
          aquarium_bridge_long_joined [aquarium_subvault_wall,
          aquarium_subvault_bridge, aquarium_subvault_wall,
          aquarium_subvault_bridge, aquarium_subvault_window,
          aquarium_subvault_wall], aquarium_bridge_island_large
          [aquarium_subvault_large_water, aquarium_subvault_wall,
          aquarium_subvault_bridge, aquarium_subvault_bridge,
          aquarium_subvault_balcony], aquarium_window_2, aquarium_window_2,
          aquarium_view_2c, aquarium_view_2d
D:2:      layout_basic
D:3:      layout_rooms, kb_xom_exploding_sheep, general_overflow_altar,
          lemuel_round_altar, hangedman_decor_clover_reticule,
          chequers_serial_rivers_micro_e
D:4:      layout_loops_corners, vehumet_crystals
D:5:      layout_rooms, nicolae_overflow_quartered_altars

Skill      XL: |  1  2  3  4  5  6  7 |
---------------+----------------------+-----
Fighting       | 5 6 7 8 9 |  9.3
Staves         | |  2.0
Bows           | |  1.7
Stealth        | |  1.5
Shields        | |  1.0

Action                   |  1- 3 |  4- 6 |  7- 9 || total
-------------------------+-------+-------+-------++-------
Melee: Quarterstaff      |    98 |   166 |    73 ||   337
 Abil: Spit Poison       |     1 |     9 |     2 ||    12
  Use: Scroll            |       |     9 |     1 ||    10
       Potion            |       |       |     2 ||     2
 Stab: Sleeping          |     1 |       |       ||     1
Armor: Chain mail        |    51 |   116 |    92 ||   259
       Ring mail         |     4 |       |       ||     4
Dodge: Dodged            |    25 |    45 |    39 ||   109
